 Dungeon Sprint DCSS version 0.32-a0-673-g3729bd50f8 (webtiles) character file.

Game seed: 13142180780639878591

12233 nuthulu the Warrior (level 11, -4/117 HPs)
             Began as a Ghoul Fighter on Mar 10, 2024.
             Was the Champion of Makhleb.
             Slain by a titan (14 damage)
             ... in the Dungeon (Sprint V: "Ziggurat Sprint").
             The game lasted 00:04:21 (654 turns).

nuthulu the Warrior (Ghoul Fighter)                  Turns: 654, Time: 00:04:23

Health: -4/117     AC: 33    Str: 38    XL:     11   Next: 90%
Magic:  0/20       EV:  5    Int:  7    God:    Makhleb [******]
Gold:   0          SH: 32    Dex: 16    Spells: 10/10 levels left

rFire   + . .        A - +16 obsidian axe {drain, demonic, Mesm ^Drain Fly SInv}
rCold   + . .        C - +18 shield of the Gong {Loud rN+ Will+ rCorr EV-5}
rNeg    + + +        B - +15 Maxwell's patent armour {-Cast -Tele rElec Will+ rCorr}
rPois   ∞            (no helmet)
rElec   +            (no cloak)
rCorr   +            (no gloves)
SInv    +            P - +1 pair of boots {rampage}
Will    ++...        K - amulet of guardian spirit Stlth
                     L - ring "Dysuel" {rF+ MP+9 Str+7 Dex+6 Stlth-}
HPRegen 0.00/turn    m - ring "Murum" {Str+6 Dex+2}
MPRegen 0.17/turn

%: no teleportation, no spellcasting, guardian spirit, rampage
@: flying, mesmerised, inhibited regen, hasted, studying Dodging, very quick
A: claws 1, cold resistance 1, negative energy resistance 3, inhibited
regeneration, torment resistance 2, devour on kill
a: Renounce Religion, Minor Destruction, Lesser Servant of Makhleb, Major
Destruction, Greater Servant of Makhleb


You were in the Dungeon.
You worshipped Makhleb.
Makhleb was exalted by your worship.
You visited 1 branch

Inventory:

Hand Weapons
 A - the +16 obsidian axe (weapon) {drain, demonic, Mesm ^Drain Fly SInv}
   (You found it in the Dungeon)

   Mesm:      Its wielder is mesmerised by any visible foes, and it cannot be
   unequipped while any foes are visible.
   SInv:      It lets you see invisible.
   Fly:       It grants you flight.
   ^Drain:    It drains your maximum health when unequipped.
Armour
 B - the +15 Maxwell's patent armour (worn) {-Cast -Tele rElec Will+ rCorr}
   (You found it in the Dungeon)

   rElec:     It insulates you from electricity.
   Will+:     It increases your willpower.
   -Cast:     It prevents spellcasting.
   -Tele:     It prevents most forms of teleportation.
   rCorr:     It protects you from acid and corrosion.
 C - the +18 shield of the Gong (worn) {Loud rN+ Will+ rCorr EV-5}
   (You found it in the Dungeon)

   Loud:      It is deafeningly noisy when blocking attacks.
   EV-5:      It affects your evasion (-5).
   rN+:       It protects you from negative energy.
   Will+:     It increases your willpower.
   rCorr:     It protects you from acid and corrosion.
 P - a +1 pair of boots of rampaging (worn)
Jewellery
 b - a ring of protection from fire
 c - a +6 ring of intelligence
 m - the ring "Murum" (right claw) {Str+6 Dex+2}
   (You found it in the Dungeon)

   [ring of strength]

   Str+6:     It affects your strength (+6).
   Dex+2:     It affects your dexterity (+2).
 t - a ring of flight
 u - a +6 ring of dexterity
 v - a +6 ring of dexterity
 w - a +6 ring of intelligence
 x - a +6 ring of intelligence
 y - a +6 ring of strength
 z - a +6 ring of strength
 D - a +5 ring of evasion
 F - the ring of the Catfish {Wiz rPois MP+9 Str-5 Dex+3}
   (You found it in the Dungeon)

   [ring of wizardry]

   Wiz:       It improves your spell success rate.
   Str-5:     It affects your strength (-5).
   Dex+3:     It affects your dexterity (+3).
   rPois:     It protects you from poison.
   MP+9:      It affects your magic capacity (+9).
 G - the ring "Bannem" {Wiz rElec rPois rCorr Str-5}
   (You found it in the Dungeon)

   [ring of wizardry]

   Wiz:       It improves your spell success rate.
   Str-5:     It affects your strength (-5).
   rElec:     It insulates you from electricity.
   rPois:     It protects you from poison.
   rCorr:     It protects you from acid and corrosion.
 J - an amulet of faith
 K - an amulet of guardian spirit (around neck)
 L - the ring "Dysuel" (left claw) {rF+ MP+9 Str+7 Dex+6 Stlth-}
   (You found it in the Dungeon)

   [ring of dexterity]

   Str+7:     It affects your strength (+7).
   Dex+6:     It affects your dexterity (+6).
   rF+:       It protects you from fire.
   MP+9:      It affects your magic capacity (+9).
   Stlth-:    It makes you less stealthy.
 M - a ring of magical power
 O - a ring of magical power
Wands
 a - a wand of polymorph (2)
 r - a wand of mindburst (16)
 s - a wand of acid (8)
 E - a wand of warping (8)
 H - a wand of digging (3)
 N - a wand of flame (11)
 Q - a wand of charming (2)
Scrolls
 i - 4 scrolls of blinking
 n - 4 scrolls of amnesia
 o - 7 scrolls of fog
 p - 5 scrolls of identify
 q - 2 scrolls of fear
 I - a scroll of brand weapon
Potions
 d - 5 potions of might
 e - 10 potions of curing
 f - 5 potions of heal wounds
 g - 5 potions of haste
 h - 7 potions of magic
 j - 2 potions of brilliance
 k - 2 potions of invisibility
 l - 4 potions of resistance


   Skills:
 + Level 17.1 Fighting
 + Level 15.8 Axes
 + Level 12.4 Armour
 + Level 2.9 Dodging
 + Level 15.0 Shields


You had 10 spell levels left.
You didn't know any spells.
Your spell library contained the following spells:

 Spells                   Type           Power      Damage    Failure   Level
 Sting                    Conj/Alch      0%         1d3       95%         1
 Summon Small Mammal      Summ           0%         N/A       95%         1
 Call Imp                 Summ           0%         N/A       99%         2
 Stone Arrow              Conj/Erth      0%         3d7       100%        3
 Tukima's Dance           Hex            0%         N/A       100%        3
 Animate Armour           Summ/Erth      0%         N/A       100%        4
 Brom's Barrelling Bould  Conj/Erth      0%         2d3       100%        4
 Dimensional Bullseye     Hex/Tloc       0%         N/A       100%        4
 Iskenderun's Mystic Bla  Conj/Tloc      0%         2d3       100%        4
 Martyr's Knell           Necr/Summ      0%         N/A       100%        4
 Summon Lightning Spire   Summ/Air       0%         N/A       100%        4
 Fireball                 Conj/Fire      0%         3d3       100%        5
 Silence                  Hex/Air        0%         N/A       100%        5
 Bombard                  Conj/Erth      0%         9d1       100%        6
 Starburst                Conj/Fire      0%         6d3       100%        6
 Enfeeble                 Hex            0%         N/A       100%        7
 Orb of Destruction       Conj           0%         9d5       100%        7
 Summon Hydra             Summ           0%         N/A       100%        7
 Disjunction              Tloc           0%         N/A       100%        8
 Ignition                 Fire           0%         3d3       100%        8
 Sublimation of Blood     Necr           Unusable   N/A       N/A         2

Dungeon Overview and Level Annotations

Branches:
Dungeon (1/1)

Altars:
Ashenzari
Cheibriados
Dithmenos
Fedhas
Gozag
Hepliaklqana
Kikubaaqudgha
Makhleb
Nemelex Xobeh
Okawaru
Qazlal
Ru
Sif Muna
Trog
Uskayaw
Vehumet
Wu Jian
Xom
Yredelemnul
Beogh
Jiyva
Lugonu

Annotations:
D 1 transporter


Innate Abilities, Weirdness & Mutations

You are immune to poison.
You have sharp fingernails.
Your flesh is cold resistant. (rC+)
You are immune to negative energy. (rN+++)
You do not regenerate when monsters are visible.
You are immune to unholy pain and torment.
You thrive by killing the living.


Message History

You block the storm dragon's attack.
GONNNNG!
You block the storm dragon's attack.
GONNNNG!
The air elemental fires a burst of electricity at you.
The stunning burst misses the storm dragon.
The stunning burst hits you but does no damage.
You shrug off the repeated paralysis!
You block the wind drake's attack.
GONNNNG!
The titan hits you!!
* * * LOW HITPOINT WARNING * * *
The spriggan air mage waves its arms in wide circles.
The air twists around and strikes you!
* * * LOW HITPOINT WARNING * * *
Unknown command.
You hit the storm dragon. You drain the storm dragon.
You open a gate to Pandemonium!
A demon appears!
The storm dragon is moderately wounded.
You miss the wind drake. You slash the titan!
You hit the storm dragon but do no damage.
You slash the storm dragon! You drain the storm dragon.
Visions of slaying the titan flood into your mind.
The air elemental barely misses your rust devil.
You block the storm dragon's attack.
GONNNNG!
You block the storm dragon's attack.
GONNNNG!
You block the storm dragon's attack.
GONNNNG!
The storm dragon bites you.
* * * LOW HITPOINT WARNING * * *
The storm dragon barely misses you. The storm dragon tramples you.
* * * LOW HITPOINT WARNING * * *
You hold your ground!
Your sun demon completely misses the wind drake.
The wind drake bites you but does no damage.
Your red devil hits the air elemental with a +0 demon trident of venom!
Your red devil barely misses the wind drake.
The titan hits you!
You die...

▓....©....▓.
▓▓▓▓▓▓▓▓▓▓▓▓▓▓▓▓▓▓▓▓▓▓▓▓
▓...ß©ß...▓...ß©ß...▓...
▓..)[/.:).▓..=...)..▓...
▓..=))[|..▓..)[%.)..▓...
▓.........▓.........▓...
▓....DEik.▓.........▓...
▓...4ECDk3▓...††....▓...
▓....4D@4.▓...†.††..▓...
▓..▓.3D▓..▓.........▓.▓.
▓.▓.....▓.▓.........▓...
▓....©....▓....©....▓▓▓▓
▓▓▓▓▓▓▓▓▓▓▓▓▓▓▓▓▓▓▓▓▓


You could see a titan (mesmerising, drained), 4 storm dragons, 2 wind drakes, a
spriggan air mage (repels missiles), 2 air elementals, a friendly soul eater
(summoned), a friendly sun demon (summoned), a friendly rust devil (summoned)
and 2 friendly red devils.

Vanquished Creatures
  A pandemonium lord (D)
  A green draconian (D)
  A black draconian (D)
  A sixfirhy (D)
  3 draconians (D)
  A cane toad (D)
  A komodo dragon (D)
  2 merfolk (D)
  A hornet (D)
  2 tarantellas (D)
  2 spriggans (D)
  A yak (D)
  4 neqoxecs (D)
  4 water moccasins (D)
  3 black bears (D)
  2 wolves (D)
  2 bullfrogs (D)
  4 orc priests (D)
  An iron imp (D)
  An iguana (D)
  4 orc wizards (D)
  2 river rats (D)
  A shadow imp (D)
  3 orcs (D)
  2 jackals (D)
50 creatures vanquished.

Vanquished Creatures (collateral kills)
  A storm dragon (D)
  A black draconian (D)
  3 merfolk (D)
  A hornet (D)
  A spriggan (D)
  A yak (D)
  2 neqoxecs (D)
  A black bear (D)
  2 bullfrogs (D)
  2 ufetubi (D)
15 creatures vanquished.

Vanquished Creatures (others)
  A smoke demon (D)
  A crimson imp (D)
2 creatures vanquished.

Grand Total: 67 creatures vanquished

Notes
Turn   | Place    | Note
-------+----------+-------------------------------------------
     0 | D        | nuthulu the Ghoul Fighter began the quest for the Orb.
     0 | D        | Reached XP level 1. HP: 19/19 MP: 1/1
     0 | D        | Found a shimmering blue altar of Sif Muna.
     0 | D        | Found a sacrificial altar of Ru.
     0 | D        | Found a bloodstained altar of Trog.
     0 | D        | Found a stormy altar of Qazlal.
     0 | D        | Found an iron altar of Okawaru.
     0 | D        | Found a sparkling altar of Nemelex Xobeh.
     0 | D        | Found a blossoming altar of Fedhas.
     0 | D        | Found the +6 Majin-Bo {spellvamp, MP+6 Int+6}
     0 | D        | Found the +27 heavy crossbow "Sniper" {heavy, Acc+∞ SInv}
     0 | D        | Found the +10 dark maul {heavy}
     0 | D        | Found the +15 Maxwell's patent armour {-Cast -Tele rElec
                  | Will+ rCorr}
     0 | D        | Found the +18 shield of the Gong {Loud rN+ Will+ rCorr
                  | EV-5}
     0 | D        | Found the +16 obsidian axe {drain, demonic, Mesm ^Drain Fly
                  | SInv}
     0 | D        | Found the +7 great mace "Firestarter" {flame, immolate,
                  | rFlCloud rF++}
     0 | D        | Found the +6 shillelagh "Devastator" {shatter}
     0 | D        | Found the +11 plutonium sword {^Contam Stlth-}
     0 | D        | Found the +8 lance "Wyrmbane" {slay drac, rPois rF+ rC+
                  | AC+3}
     0 | D        | Found the +9 sword of Zonguldrok {reap}
     0 | D        | Found the +13 scythe of Curses {drain, curses, ^Drain}
     0 | D        | Found the +9 sword of Power {lifebolt}
     0 | D        | Found the +7 mace of Variability {chaos, chaos arc}
     0 | D        | Found the +11 Singing Sword {sonic wave}
     0 | D        | Found the +8 storm bow {elec, penet}
     2 | D        | Found a transporter.
     2 | D        | Found an ancient bone altar of Kikubaaqudgha.
     2 | D        | Found a viscous altar of Jiyva.
     2 | D        | Found a corrupted altar of Lugonu.
     2 | D        | Found a hazy altar of Hepliaklqana.
     2 | D        | Found a burning altar of Makhleb.
     2 | D        | Found an opulent altar of Gozag.
    46 | D        | Reached XP level 2. HP: 26/26 MP: 2/2
    50 | D        | Became a worshipper of Makhleb the Destroyer
    58 | D        | Entered arena 2.
    58 | D        | Found the +8 trishula "Condemnation" {holy, anguish, *Noise
                  | Fly rN+}
    58 | D        | Noticed a tarantella
    58 | D        | Noticed a tarantella
    58 | D        | Found a transporter.
    61 | D        | Killed a tarantella
    62 | D        | Reached skill level 8 in Fighting
    62 | D        | Reached XP level 3. HP: 40/40 MP: 3/3
    62 | D        | Reached XP level 4. HP: 48/48 MP: 4/4
    62 | D        | Reached XP level 5. HP: 53/53 MP: 5/5
    62 | D        | Killed a tarantella
    63 | D        | Reached skill level 10 in Fighting
    63 | D        | Reached skill level 10 in Axes
    63 | D        | Reached XP level 6. HP: 66/66 MP: 6/6
    71 | D        | Entered arena 3.
    71 | D        | Found a transporter.
    74 | D        | Reached * piety under Makhleb
    76 | D        | Reached XP level 7. HP: 73/73 MP: 7/7
    81 | D        | Got Kaorisia's Anthology of Supportive Coordinates
    88 | D        | Entered arena 4.
    88 | D        | Found the +5 glaive of the Guard {elec, spectral}
    88 | D        | Found a transporter.
    91 | D        | Reached ** piety under Makhleb
   104 | D        | Entered arena 5.
   104 | D        | Noticed a yak
   104 | D        | Found a transporter.
   107 | D        | Reached *** piety under Makhleb
   108 | D        | Killed a yak
   109 | D        | Reached skill level 11 in Fighting
   113 | D        | Got the ring "Murum" {Str+6 Dex+2}
   117 | D        | Entered arena 6.
   117 | D        | Noticed a merfolk
   117 | D        | Noticed a merfolk
   117 | D        | Noticed a merfolk
   117 | D        | Noticed a merfolk
   117 | D        | Noticed a merfolk
   117 | D        | Found a transporter.
   120 | D        | Killed a merfolk
   120 | D        | Reached **** piety under Makhleb
   121 | D        | Reached skill level 5 in Armour
   121 | D        | Reached XP level 8. HP: 59/82 MP: 8/8
   122 | D        | Killed a merfolk
   124 | D        | Killed a merfolk
   124 | D        | Killed a merfolk
   125 | D        | Reached skill level 12 in Fighting
   127 | D        | Killed a merfolk
   128 | D        | Reached XP level 9. HP: 72/92 MP: 9/9
   136 | D        | Got the ring of the Catfish {Wiz rPois MP+9 Str-5 Dex+3}
   141 | D        | Entered arena 7.
   142 | D        | Found a transporter.
   146 | D        | Reached ***** piety under Makhleb
   148 | D        | Reached skill level 10 in Shields
   150 | D        | Reached skill level 13 in Fighting
   154 | D        | Got the ring "Bannem" {Wiz rElec rPois rCorr Str-5}
   231 | D        | Entered arena 8.
   231 | D        | Noticed a green draconian
   231 | D        | Noticed a draconian
   231 | D        | Noticed a draconian
   231 | D        | Noticed a black draconian
   231 | D        | Noticed a black draconian
   231 | D        | Noticed a draconian
   232 | D        | Found a transporter.
   238 | D        | Killed a black draconian
   240 | D        | Killed a draconian
   241 | D        | Reached skill level 14 in Fighting
   241 | D        | Reached XP level 10. HP: 53/103 MP: 10/10
   241 | D        | Killed a black draconian
   241 | D        | Reached ****** piety under Makhleb
   242 | D        | Killed a draconian
   244 | D        | Killed a draconian
   247 | D        | Killed a green draconian
   248 | D        | Reached skill level 15 in Fighting
   248 | D        | Reached skill level 10 in Armour
   389 | D        | Got the Catalogue of Arcane Weapons
   393 | D        | Entered arena 9.
   394 | D        | Found a transporter.
   406 | D        | Got Jeig's Elucidation of Sulphurous Portents
   410 | D        | Got Sif Muna's Tome of Fiery Erosion
   413 | D        | Entered arena 10.
   413 | D        | Noticed a smoke demon
   413 | D        | Noticed Wuggu the pandemonium lord
   413 | D        | Noticed a sixfirhy
   414 | D        | Found a transporter.
   416 | D        | Killed a sixfirhy
   417 | D        | Reached XP level 11. HP: 106/113 MP: 11/11
   431 | D        | Killed Wuggu the pandemonium lord
   432 | D        | Reached skill level 16 in Fighting
   432 | D        | Reached skill level 15 in Axes
   580 | D        | Entered arena 11.
   580 | D        | Noticed a spriggan rider
   580 | D        | Noticed a spriggan rider
   581 | D        | Found a transporter.
   595 | D        | Got the ring "Dysuel" {rF+ MP+9 Str+7 Dex+6 Stlth-}
   614 | D        | Entered arena 12.
   616 | D        | Found a transporter.
   644 | D        | Entered arena 13.
   644 | D        | Noticed a storm dragon
   644 | D        | Noticed a storm dragon
   644 | D        | Noticed a storm dragon
   644 | D        | Noticed a titan
   644 | D        | Paralysed by an air elemental for 1 turns
   644 | D        | Noticed a storm dragon
   645 | D        | Noticed a storm dragon
   645 | D        | Noticed a spriggan air mage
   646 | D        | Found a transporter.
   648 | D        | Paralysed by an air elemental for 1 turns
   648 | D        | HP: 5/116 [titan (5)]
   652 | D        | Killed a storm dragon
   653 | D        | Reached skill level 17 in Fighting
   653 | D        | Reached skill level 15 in Shields
   654 | D        | Slain by a titan

Illustrated notes

Levels and vault maps discovered:
D:        sprint_v [room_start, room_1, room_2, room_3, room_4, room_5, room_6,
          room_7, room_8, room_9, room_10, room_11, room_12, room_13, room_14,
          room_15, room_16, room_17, room_18, room_19, room_20, room_21,
          room_22, room_23, room_24, room_25, room_26, room_27]

Skill      XL: |  1  2  3  4  5  6  7  8  9 10 11 |
---------------+----------------------------------+-----
Axes           | 7 9 10 11 12 13 14 15 | 15.8
Fighting       | 8 10 11 12 14 15 17 | 17.1
Armour         | 3 5 6 9 10 12 | 12.4
Shields        | 3 7 9 12 13 15 | 15.0
Dodging        | 2 |  2.9

Action                     |  1- 3 |  4- 6 |  7- 9 | 10-12 || total
---------------------------+-------+-------+-------+-------++-------
  Melee: Broad axe         |     2 |     4 |    27 |    41 ||    74
    Use: Potion            |     1 |       |       |     7 ||     8
   Stab: Distracted        |       |       |     2 |     1 ||     3
 Armour: Plate armour      |     2 |     1 |    27 |    62 ||    92
  Dodge: Dodged            |       |       |       |     3 ||     3
  Block: Kite shield       |     6 |     5 |    52 |    72 ||   135

Table legend: (Time is in decaauts)
 A = Elapsed time spent in this place.
 B = Non-inter-level travel time spent in this place.
 C = Inter-level travel time spent in this place.
 D = Time resting spent in this place.
 E = Time spent auto-exploring this place.
 F = Levels seen in this place.
 G = Mean time per level.
                   A        B        C        D        E       F      G
               +--------+--------+--------+--------+--------+-----+--------+
         Total |    648 |    648 |      0 |    340 |      0 |   1 |  648.0 |
       Dungeon |    648 |    648 |      0 |    340 |      0 |   1 |  648.0 |
               +--------+--------+--------+--------+--------+-----+--------+

Top non-repeatable levels by time:
       D: 648 daAuts
